 Dungeon Crawl Stone Soup version 0.23.2-1-ga50397a (webtiles) character file.

Game seed: 1556854521126244272

98 IBeShadow the Ruffian (level 4, -1/45 HPs)
             Began as a Troll Monk on May 20, 2019.
             Slain by a goblin
             ... wielding a +0 club
             ... led by Robin
              (5 damage)
             ... on level 2 of the Dungeon.
             The game lasted 00:01:40 (1484 turns).

IBeShadow the Ruffian (Troll Monk)                  Turns: 1484, Time: 00:01:41

Health: -1/45      AC:  6    Str: 19    XL:     4   Next: 44%
Magic:  3/3        EV: 10    Int:  6    God:
Gold:   141        SH:  0    Dex: 13    Spells: 3/3 levels left

rFire    . . .     SeeInvis .     - Unarmed
rCold    . . .     Gourm    +   (no shield)
rNeg     . . .     Faith    .   a - +0 robe
rPois    .         Spirit   .   (helmet restricted)
rElec    .         Reflect  .   (no cloak)
rCorr    .         Harm     .   (gloves unavailable)
MR       .....                  (boots unavailable)
Stlth    ++........             (no amulet)
HPRegen  0.55/turn              (no ring)
MPRegen  0.08/turn              (no ring)

@: no status effects
A: large, unfitting armour, claws 3, fast metabolism 3, gourmand, regeneration
1, shaggy fur 1, tough skin 3
a: no special abilities


You were on level 2 of the Dungeon.
You were hungry.

You visited 1 branch of the dungeon, and saw 3 of its levels.

You collected 141 gold pieces.

Inventory:

Hand Weapons
 g - a cursed +0 hunting sling
Missiles
 e - 2 tomahawks (quivered)
Armour
 a - a +0 robe (worn)
Jewellery
 d - a +3 ring of evasion {unknown}
 h - an uncursed amulet of magic regeneration {unknown}
Scrolls
 c - a scroll of teleportation {unknown}
 f - 2 scrolls of remove curse {unknown}
 j - 3 scrolls of amnesia {unknown}
 l - a scroll of enchant armour {unknown}
 n - a scroll of fog {unknown}
 o - a scroll of fear {unknown}
Potions
 i - a potion of magic {unknown}
 k - a potion of invisibility {unknown}
 m - a potion of degeneration {unknown}
 p - a potion of berserk rage {unknown}
Comestibles
 b - 6 rations


   Skills:
 * Level 3.3 Fighting
 + Level 1.4 Throwing
 - Level 2.4 Dodging
 - Level 1.0 Stealth
 * Level 4.1 Unarmed Combat


You had 3 spell levels left.
You didn't know any spells.
Your spell library was empty.

Dungeon Overview and Level Annotations

Branches:
Dungeon (3/15)

Altars:


Innate Abilities, Weirdness & Mutations

You are too large for most types of armour.
You have claws for hands.
Your metabolism is lightning-fast.
You like to eat raw meat.
Your natural rate of healing is unusually fast.
You are covered in fur. (AC +1)
You have extremely tough skin. (AC +3)


Message History

The goblin hits you but does no damage. The goblin misses you.
The goblin hits you but does no damage.
You scratch the goblin but do no damage.
The goblin hits you but does no damage. The hobgoblin hits you with a +0 club.
The goblin hits you but does no damage. x3; The goblin hits you.
* * * LOW HITPOINT WARNING * * *
Unknown command.
You completely miss the goblin. The goblin hits you with a +0 club.
* * * LOW HITPOINT WARNING * * *
The hobgoblin closely misses you. The goblin completely misses you.
The goblin closely misses you. The goblin hits you with a +0 dagger.
* * * LOW HITPOINT WARNING * * *
The goblin barely misses you.
Unknown command.
You claw the goblin!
You kill the goblin!
The hobgoblin hits you with a +0 club!
* * * LOW HITPOINT WARNING * * *
The goblin hits you with a +0 club.
You die...

#..........# #..
#######..........#####..
#.......................
#.#####..........#####..
#.# #.##############..
#.# #.# #......... #.#
#.# #.(......# #.#
###)#######........# #.#
#.g@g...........[...
#.###.ggg######........#
#......g.# #........#
#####....# #........#
###.## #........# #.#
########## #.# ## #.#
##. #.# ##..


You could see 2 hobgoblins and 4 goblins.

Vanquished Creatures
  Natasha (D:2)
  Robin (D:2)
  An adder (D:2)
  3 dart slugs
  A leopard gecko (D:1)
  4 giant cockroaches
  5 goblins
  9 hobgoblins
  6 bats
  2 frilled lizards
  6 kobolds
  5 rats
44 creatures vanquished.

Notes
Turn   | Place    | Note
-------+----------+-------------------------------------------
     0 | D:1      | IBeShadow the Troll Monk began the quest for the Orb.
     0 | D:1      | Reached XP level 1. HP: 22/22 MP: 0/0
    42 | D:1      | Reached XP level 2. HP: 29/29 MP: 1/1
   377 | D:1      | Reached XP level 3. HP: 33/36 MP: 2/2
   737 | D:2      | Reached skill level 1 in Throwing
  1052 | D:2      | Noticed Natasha
  1062 | D:2      | Killed Natasha
  1062 | D:2      | Reached skill level 4 in Unarmed Combat
  1062 | D:2      | Reached XP level 4. HP: 40/45 MP: 3/3
  1470 | D:3      | Noticed Robin
  1479 | D:2      | Killed Robin
  1484 | D:2      | Slain by a goblin

Skill      XL: |  1  2  3 |
---------------+----------+-----
Fighting       | 3 |  3.3
Throwing       | 1 |  1.4
Unarmed Combat | 4 |  4.1
Dodging        | |  2.4
Stealth        | |  1.0

Action                   |  1- 3 |  4- 6 || total
-------------------------+-------+-------++-------
Melee: Unarmed           |    87 |    17 ||   104
       Punch             |       |     1 ||     1
 Stab: Sleeping          |     2 |     1 ||     3
  Eat: Chunk             |     9 |     1 ||    10
Armor: Robe              |    33 |    18 ||    51
Dodge: Dodged            |    54 |    23 ||    77
